 Dungeon Crawl Stone Soup version 0.29-a0-251-g80730f7218 (webtiles) character file.

Game seed: 11935937767046251769

20 Ordine the Slasher (level 2, -1/17 HPs)
             Began as a Tengu Warper on Mar 5, 2022.
             Slain by an adder (4 damage)
             ... on level 2 of the Dungeon.
             The game lasted 00:02:35 (1031 turns).

Ordine the Slasher (Tengu Warper)                   Turns: 1031, Time: 00:02:37

Health: -1/17      AC:  4    Str: 11    XL:     2   Next: 79%
Magic:  6/6        EV: 11    Int: 13    God:
Gold:   56         SH:  0    Dex: 13    Spells: 5/5 levels left

rFire   . . .      SeeInvis .   a - +0 falchion
rCold   . . .      Faith    .   (no shield)
rNeg    . . .      Spirit   .   b - +0 leather armour
rPois   .          Reflect  .   (helmet restricted)
rElec   .          Harm     .   (no cloak)
rCorr   .          Rampage  .   e - +0 pair of gloves
Will    .....                   (boots unavailable)
Stlth   +.........              (no amulet)
HPRegen 0.05/turn               (no ring)
MPRegen 0.10/turn               (no ring)

@: brilliant
A: beak, talons 3
a: no special abilities


You were on level 2 of the Dungeon.
You visited 1 branch of the dungeon, and saw 2 of its levels.

You collected 56 gold pieces.

Inventory:

Hand Weapons
 a - a +0 falchion (weapon)
Missiles
 d - 5 boomerangs of dispersal
 h - 6 boomerangs
Armour
 b - a +0 leather armour (worn)
 e - a +0 pair of gloves (worn)
Jewellery
 j - a ring of fire
Scrolls
 c - a scroll of blinking
 f - 2 scrolls of teleportation {unknown}
 i - a scroll of fog {unknown}


   Skills:
 + Level 2.3 Fighting
 * Level 3.0 Long Blades
 + Level 1.4 Throwing
 - Level 1.1 Armour
 - Level 2.1 Dodging
 - Level 2.0 Spellcasting
 - Level 2.4 Translocations


You had 5 spell levels left.
You didn't know any spells.
Your spell library contained the following spells:

 Spells                   Type           Power      Damage    Failure   Level
 Blink                    Tloc           22%        N/A       19%         2
 Magic Dart               Conj           4%         1d3       32%         1
 Gell's Gravitas          Tloc           11%        N/A       36%         3
 Lesser Beckoning         Tloc           11%        N/A       36%         3
 Teleport Other           Tloc           11%        N/A       36%         3
 Searing Ray              Conj           2%         2d4       45%         2
 Fulminant Prism          Conj/Hex       0%         3d6       97%         4
 Manifold Assault         Tloc           11%        N/A       98%         5


Dungeon Overview and Level Annotations

Branches:
Dungeon (2/15)

Altars:


Innate Abilities, Weirdness & Mutations

You have a beak for a mouth.
You have claws for feet.


Message History

You kill the rat!
No target in view!
HP restored.
j - a ring of fire An adder comes into view.
A ball python comes into view.
The adder hisses angrily.
The ball python hisses angrily.
The adder bites you but does no damage.
An adder comes into view.
You barely miss the adder. The adder bites you but does no damage.
You miss the adder. The adder bites you. x2
You barely miss the adder. The adder barely misses you.
You closely miss the adder. Your kick misses the adder. The adder misses you.
The adder bites you but does no damage.
You barely miss the adder. Your kick misses the adder.
The adder bites you but does no damage. The adder barely misses you.
You hit the adder. Your kick misses the adder.
The adder is lightly wounded.
The adder bites you.
You are poisoned.
The adder poisons you!
You barely miss the adder. You peck the adder.
The adder is moderately wounded.
You feel sick. The adder bites you but does no damage. The adder misses you.
You barely miss the adder.
The adder is moderately wounded.
You feel sick. The adder barely misses you.
It was a potion of brilliance.
You feel clever all of a sudden.
You feel sick. The adder barely misses you. The adder closely misses you.
You barely miss the adder. You claw the adder.
The adder is heavily wounded.
You feel sick. The adder barely misses you.
You closely miss the adder.
The adder is heavily wounded.
You feel sick.
You are no longer poisoned.
The adder bites you.
* * * LOW HITPOINT WARNING * * *
The adder bites you.
You die...

# #.# #.# #.# # #.# ##
#.# .## ##.# . ..##
##..# ...
...####...#########.....
...+............@SSS....
...####...##.######.....
..## #.......# #.# .##
#.......# ### #.......#
..# #......<# #.#
#.......# #.# #.......#
#.# #.......#


You could see 2 adders and a ball python.

Vanquished Creatures
  An endoplasm (D:1)
  A giant cockroach (D:2)
  A hobgoblin (D:1)
  4 jackals (D:1)
  3 ball pythons (D:1)
  3 frilled lizards (D:1)
  2 goblins (D:1)
  3 kobolds
  2 rats
20 creatures vanquished.

Notes
Turn   | Place    | Note
-------+----------+-------------------------------------------
     0 | D:1      | Ordine the Tengu Warper began the quest for the Orb.
     0 | D:1      | Reached XP level 1. HP: 12/12 MP: 4/4
   130 | D:1      | Found a faded altar of an unknown god.
   132 | D:1      | Reached XP level 2. HP: 17/17 MP: 6/6
   963 | D:2      | Reached skill level 3 in Long Blades
  1031 | D:2      | Slain by an adder

Illustrated notes

Levels and vault maps discovered:
D:1:      minmay_arrival_solitary_statue, layout_basic,
          ebering_ecumenical_altar_mist, minivault_19
D:2:      layout_loops_corners, serial_shops, shop, nicolae_shop_stone,
          nicolae_square_shop, grunt_decor_resistance

Skill      XL: |  1  2 |
---------------+-------+-----
Long Blades    | 3 |  3.0
Fighting       | |  2.3
Throwing       | |  1.4
Armour         | |  1.1
Dodging        | |  2.1
Spellcasting   | |  2.0
Translocations | |  2.4

Action                   || total
-------------------------++-------
Melee: Falchion          ||    54
       Kick              ||    12
       Peck              ||     8
       Punch             ||     1
  Use: Potion            ||     1
Armor: Leather armour    ||    18
Dodge: Dodged            ||    34

Table legend: (Time is in decaauts)
 A = Elapsed time spent in this place.
 B = Non-inter-level travel time spent in this place.
 C = Inter-level travel time spent in this place.
 D = Time resting spent in this place.
 E = Time spent auto-exploring this place.
 F = Levels seen in this place.
 G = Mean time per level.
                   A        B        C        D        E       F      G
               +--------+--------+--------+--------+--------+-----+--------+
         Total |   1039 |   1021 |     18 |      0 |    861 |   2 |  519.5 |
       Dungeon |   1039 |   1021 |     18 |      0 |    861 |   2 |  519.5 |
               +--------+--------+--------+--------+--------+-----+--------+

Top non-repeatable levels by time:
     D:1: 857 daAuts
     D:2: 181 daAuts
